 Dungeon Crawl Stone Soup version 0.24-a0-630-g0d56a851f4 (webtiles) character file.

Game seed: 7920125417753480947, levelgen mode: deterministic

4677 Ijustatesigmund the Cleaver (level 10, -3/94 HPs)
             Began as a Minotaur Monk on Sept 20, 2019.
             Slain by an orc warrior
             ... wielding a +0 glaive
              (25 damage)
             ... on level 8 of the Dungeon.
             The game lasted 00:14:09 (7054 turns).

Ijustatesigmund the Cleaver (Minotaur Monk)         Turns: 7054, Time: 00:14:10

Health: -3/94      AC: 13    Str: 18    XL:     10   Next: 21%
Magic:  9/9        EV:  9    Int:  7    God:
Gold:   497        SH:  4    Dex: 16    Spells: 9/9 levels left

rFire    . . .     SeeInvis .   v - +1 battleaxe (chop)
rCold    . . .     Gourm    .   (shield currently unavailable)
rNeg     . . .     Faith    .   b - +0 plate armour
rPois    +         Spirit   .   (helmet restricted)
rElec    .         Reflect  +   u - +0 cloak
rCorr    .         Harm     .   l - +1 pair of gloves
MR       .....                  (no boots)
Stlth    ..........             o - +4 amulet of reflection
HPRegen  0.25/turn              p - ring of stealth
MPRegen  0.11/turn              A - ring of poison resistance

@: no status effects
A: retaliatory headbutt, horns 2, deformed body, strong 1, sturdy frame 1
a: no special abilities


You were on level 8 of the Dungeon.
You were not hungry.

You visited 1 branch of the dungeon, and saw 8 of its levels.

You collected 497 gold pieces.

Inventory:

Hand Weapons
 a - a +1 war axe
 r - the +6 hunting sling of the Insatiable Suns {venom, rF+ Dex+4}
   (You found it on level 5 of the Dungeon)

   It poisons the ammo it fires.
   It affects your dexterity (+4).
   It protects you from fire.
 v - a +1 battleaxe of chopping (weapon)
Missiles
 h - 4 atropa-tipped darts (quivered)
 s - 35 sling bullets
Armour
 b - a +0 plate armour (worn)
 l - a +1 pair of gloves (worn)
 u - a +0 cloak (worn)
Jewellery
 o - a +4 amulet of reflection (around neck)
 p - a ring of stealth (left hand)
 A - a ring of poison resistance (right hand)
Wands
 e - a wand of iceblast (4)
Scrolls
 d - 4 scrolls of remove curse
 f - 3 scrolls of teleportation
 q - 2 scrolls of identify
 t - 2 scrolls of enchant weapon
 y - a scroll of blinking
 B - a scroll of fear
Potions
 g - 2 potions of haste
 i - 4 potions of curing
 j - a potion of lignification
 k - a potion of invisibility {unknown}
 m - 3 potions of heal wounds
 n - a potion of might {unknown}
 w - a potion of brilliance
 x - a potion of agility {unknown}
Comestibles
 c - 15 rations
 z - 4 chunks of flesh


   Skills:
 + Level 10.4 Fighting
 + Level 11.3 Axes
 - Level 3.4 Slings
 + Level 9.4 Armour
 - Level 3.2 Dodging
 - Level 1.5 Stealth


You had 9 spell levels left.
You didn't know any spells.
Your spell library contained the following spells:

 Spells                   Type           Power        Failure   Level  Hunger
 Poisonous Vapours        Pois/Air       #.....       100%        2    ###....
 Conjure Flame            Conj/Fire      #.......     100%        3    ####...
 Mephitic Cloud           Conj/Pois/Air  #.......     100%        3    ####...
 Freezing Cloud           Conj/Ice/Air   #.........   100%        6    #######
 Ring of Flames           Chrm/Fire      #.........   100%        7    #######


Dungeon Overview and Level Annotations

Branches:
Dungeon (8/15)             Temple (0/1) D:5            Lair (0/6) D:8

Altars:
Elyvilon
Okawaru
Sif Muna
Trog
Vehumet
Xom

Annotations:
D:6 3 runed translucent doors, Jorund's ghost, novice OpTm


Innate Abilities, Weirdness & Mutations

You reflexively headbutt those who attack you in melee.
You have a pair of horns on your head.
Armour fits poorly on your strangely shaped body.
Your muscles are strong. (Str +2)
Your movements are slightly less encumbered by armour. (ER -2)


Message History

The +6 hunting sling of the Insatiable Suns {venom, rF+ Dex+4} stops dripping with poison.
v - a +1 battleaxe of chopping (weapon)
The orc warrior hits you with a +0 glaive.
A wolf comes into view.
Things that are here:
a sling bullet; a +0 hand axe; an orc corpse The wolf howls!
You hit the orc warrior.
The orc warrior is lightly wounded.
You hear an angry growl.
You hear a howl! x2
The orc warrior hits you with a +0 glaive!
* * * LOW HITPOINT WARNING * * *
You slash the orc warrior! Your headbutt misses the orc warrior.
The orc warrior is heavily wounded.
The orc warrior hits you with a +0 glaive.
* * * LOW HITPOINT WARNING * * *
You closely miss the orc warrior. Your headbutt misses the orc warrior.
The orc warrior is heavily wounded.
The orc warrior hits you with a +0 glaive!!
You die...

##### #...####
#.#.##.. #.#.##.#
#.#.##.### #.#.#....
####.#.##.######
+....@.........# #
####o#########.###.###
.........)..........
......########.###.###
..##.#. #.....#.. .
#.## ###...... #
#.#.... ##.#####.#...#
..............


You could see an orc warrior.

Vanquished Creatures
  A two-headed ogre (D:8)
  A troll (D:7)
  2 hippogriffs
  A basilisk (D:7)
  Duvessa (D:6)
  An ice beast (D:6)
  An orc warrior (D:7)
  2 black bears (D:7)
  A sky beast (D:6)
  A phantom (D:7)
  7 ogres
  4 centaurs
  Blork the orc (D:4)
  A bullfrog (D:7)
  Dowan (D:6)
  3 scorpions
  4 killer bees (D:7)
  5 howler monkeys
  2 crimson imps (D:7)
  5 hounds
  3 jellies
  3 orc wizards
  3 orc priests
  A centaur skeleton (D:7)
  2 bullfrog skeletons (D:7)
  An iguana (D:7)
  Crazy Yiuf (D:5)
  Natasha (twice) (D:4)
  4 worker ants
  A killer bee zombie (D:7)
  A hound skeleton (D:5)
  6 gnolls
  11 adders
  3 shadow imps
  An adder zombie (D:5)
  An adder skeleton (D:4)
  3 worms
  2 dart slugs
  3 leopard geckos
  15 orcs
  2 ball pythons
  5 bats
  7 giant cockroaches
  5 goblins
  9 hobgoblins
  3 kobolds
  2 quokkas
  A frilled lizard (D:2)
  2 quokka skeletons
  A quokka zombie (D:7)
  4 rats
153 creatures vanquished.

Vanquished Creatures (others)
  4 toadstools (D:2)
4 creatures vanquished.

Grand Total: 157 creatures vanquished

Notes
Turn   | Place    | Note
-------+----------+-------------------------------------------
     0 | D:1      | Ijustatesigmund the Minotaur Monk began the quest for the
                  | Orb.
     0 | D:1      | Reached XP level 1. HP: 19/19 MP: 0/0
   212 | D:1      | Reached skill level 4 in Axes
   263 | D:1      | Reached XP level 2. HP: 27/27 MP: 1/1
   754 | D:2      | Noticed an ogre
   795 | D:2      | Killed an ogre
   795 | D:2      | Reached skill level 5 in Axes
   795 | D:2      | Reached XP level 3. HP: 23/34 MP: 2/2
   795 | D:2      | Reached XP level 4. HP: 27/41 MP: 3/3
  1075 | D:2      | Found a bloodstained altar of Trog.
  1081 | D:2      | Reached skill level 6 in Axes
  1086 | D:2      | Reached XP level 5. HP: 29/47 MP: 4/4
  1428 | D:2      | Reached skill level 5 in Fighting
  2531 | D:3      | Found a white marble altar of Elyvilon.
  2706 | D:4      | Reached skill level 7 in Axes
  2706 | D:4      | Reached XP level 6. HP: 38/56 MP: 5/5
  2896 | D:4      | Reached skill level 1 in Armour
  2923 | D:4      | Found an iron altar of Okawaru.
  2944 | D:4      | Found a shimmering blue altar of Sif Muna.
  3146 | D:5      | Entered Level 5 of the Dungeon
  3481 | D:5      | Reached XP level 7. HP: 40/63 MP: 6/6
  3577 | D:5      | Got a twisted hunting sling
  3592 | D:5      | Identified the +6 hunting sling of the Insatiable Suns
                  | {venom, rF+ Dex+4} (You found it on level 5 of the Dungeon)
  3648 | D:4      | Noticed Blork the orc
  3660 | D:4      | Killed Blork the orc
  3911 | D:4      | Noticed Natasha
  3914 | D:4      | Killed Natasha
  4048 | D:4      | Noticed Natasha
  4051 | D:4      | Killed Natasha
  4176 | D:5      | Reached skill level 8 in Axes
  4176 | D:5      | Reached skill level 1 in Slings
  4179 | D:5      | Found a staircase to the Ecumenical Temple.
  4243 | D:5      | Reached skill level 5 in Armour
  4300 | D:5      | Found a runed translucent door.
  4302 | D:5      | Noticed Crazy Yiuf
  4308 | D:5      | Killed Crazy Yiuf
  4319 | D:5      | Gained mutation: Armour fits poorly on your strangely
                  | shaped body. [potion of mutation]
  4319 | D:5      | Gained mutation: Your movements are slightly less
                  | encumbered by armour. (ER -2) [potion of mutation]
  4319 | D:5      | Gained mutation: Your muscles are strong. (Str +2) [potion
                  | of mutation]
  4689 | D:6      | Reached XP level 8. HP: 73/73 MP: 7/7
  4812 | D:6      | Found a radiant altar of Vehumet.
  5008 | D:6      | Found a shimmering altar of Xom.
  5190 | D:6      | Found a runed translucent gate.
  5190 | D:6      | Found a runed translucent gate.
  5191 | D:6      | Found a runed translucent gate.
  5194 | D:6      | Noticed Duvessa
  5194 | D:6      | Noticed Dowan
  5198 | D:6      | Killed Duvessa
  5216 | D:6      | Killed Dowan
  5320 | D:6      | Noticed Jorund's ghost (novice OpTm)
  5571 | D:7      | Reached skill level 9 in Axes
  5584 | D:7      | Found an iron altar of Okawaru.
  5670 | D:7      | Reached XP level 9. HP: 63/82 MP: 8/8
  6038 | D:7      | Reached skill level 10 in Axes
  6313 | D:7      | Noticed a troll
  6323 | D:7      | Killed a troll
  6631 | D:7      | Reached skill level 10 in Fighting
  6925 | D:8      | Noticed a two-headed ogre
  6938 | D:8      | Killed a two-headed ogre
  6938 | D:8      | Reached skill level 11 in Axes
  6938 | D:8      | Reached XP level 10. HP: 34/94 MP: 9/9
  6949 | D:8      | Identified a scroll of acquirement
  6994 | D:8      | Found a staircase to the Lair.
  7054 | D:8      | Slain by an orc warrior

Levels and vault maps discovered:
D:1:      nzn_arrival_settlement, layout_loops_ring, corexii_hall_statues_x,
          chequers_serial_rivers_small_b
D:2:      layout_basic, old_standard_altar, first_ration,
          minmay_gold_behind_fungi
D:3:      layout_loops_ring, elyvilon_altar_5
D:4:      layout_basic, lemuel_doored_altar, okawaru_gym_becter, uniq_natasha,
          uniq_blork_the_orc
D:5:      layout_cave_pools, minmay_temple_entry_arrows,
          chequers_serial_rivers_room_a, skrybe_limestone_x,
          uniq_crazy_yiuf_cottage
D:6:      layout_loops_ring, kennysheep_mini_moat, overflow_temple_1_default,
          ebering_ghost_rock_garden, uniq_duvessa
D:7:      layout_loops_ring, overflow_temple_1_default, minmay_misc_feat_doors,
          minmay_the_grid_2x2 [minmay_the_grid_aliased_spiral,
          minmay_the_grid_all_tris, minmay_the_grid_rooms,
          minmay_the_grid_prize_four_corners]
D:8:      layout_basic, nicolae_gozag_seed_capital, dpeg_oklobed_lair,
          enter_ossuary_5, uniq_grum

Skill      XL: |  1  2  3  4  5  6  7  8  9 |
---------------+----------------------------+-----
Axes           | 4 5 6 7 8 9 11 | 11.3
Fighting       | 4 5 6 7 8 10 | 10.4
Armour         | 3 5 6 9 |  9.4
Slings         | 2 3 |  3.4
Dodging        | |  3.2
Stealth        | |  1.5

Action                   |  1- 3 |  4- 6 |  7- 9 | 10-12 || total
-------------------------+-------+-------+-------+-------++-------
Melee: Hand axe          |    23 |    92 |       |       ||   115
       Headbutt          |     6 |    28 |    51 |     1 ||    86
       War axe           |       |    66 |   259 |       ||   325
       Battleaxe         |       |       |       |     9 ||     9
 Fire: Hunting sling     |       |       |    46 |     3 ||    49
Throw: Dart              |       |       |    10 |       ||    10
  Use: Potion            |     3 |     1 |     1 |       ||     5
       Scroll            |       |     9 |     4 |     2 ||    15
 Stab: Sleeping          |     1 |       |       |       ||     1
  Eat: Chunk             |       |     5 |    10 |     1 ||    16
       Ration            |       |     1 |       |       ||     1
Armor: Scale mail        |    10 |    34 |       |       ||    44
       Plate armour      |       |    25 |   151 |     4 ||   180
Dodge: Dodged            |    17 |    79 |    79 |     3 ||   178
Block: Other             |       |       |    39 |       ||    39
       Reflection        |       |       |     1 |       ||     1

Table legend:
 A = Non-vault XP
 B = Vault XP
 C = Vault XP percentage of total XP
 D = Non-vault monster count
 E = Vault monster count
 F = Vault count percentage of total count
                 A         B        C        D         E       F
            +---------+---------+-------+---------+---------+-------
      Total |    4619 |    2063 |  30.9 |     128 |      25 |  16.3
            +---------+---------+-------+---------+---------+-------
        D:1 |      23 |       0 |   0.0 |      11 |       0 |   0.0
        D:2 |     221 |       0 |   0.0 |      22 |       0 |   0.0
        D:3 |     112 |       0 |   0.0 |      21 |       0 |   0.0
        D:4 |     368 |     136 |  27.0 |      12 |       2 |  14.3
        D:5 |     504 |      37 |   6.8 |      17 |       1 |   5.6
        D:6 |     516 |     223 |  30.2 |       7 |       2 |  22.2
        D:7 |    1606 |    1667 |  50.9 |      33 |      20 |  37.7
        D:8 |    1269 |       0 |   0.0 |       5 |       0 |   0.0
            +---------+---------+-------+---------+---------+-------
